AoeStats
← VIT Liereyy

Arabian Desert

509895279Analyzed
1v1 RM · 3d ago on Sep 28, 2026· 34m 23s· 2 players
Game mode
Random Map
Map size
Tiny (2 player)
Population
200
Speed
Normal
Resources
Standard
Victory
Conquest
Starting age
Dark Age
Ending age
Imperial Age
RankedLock teamsTeams togetherTeam positionsShared explorationLock speedFull tech treeHidden civsTurbo modeCheats
Victory
Defeat
🇦🇹 Saracens · Austria
2938
+8
🇺🇦 Sicilians · Ukraine
2737
-8
SalzZ_classicpro
6:02 Loom
8:16 Feudal Age
8:56 Double-Bit Axe
12:04 Horse Collar
16:10 Fletching
18:21 Padded Archer Armor
23:19 Castle Age
23:21 Elite Skirmisher
23:57 Bodkin Arrow
25:55 Pikeman
28:38 Scale Mail Armor
VIT Liereyy
5:49 Loom
8:23 Feudal Age
12:23 Fletching
16:08 Bloodlines
21:56 Castle Age
20:26 Horse Collar
22:05 Scale Barding Armor
23:05 Chain Barding Armor
23:21 Forging
30:05 Husbandry
31:50 Devotion
32:56 Sanctity
Connection lost

Rejoining the realm…

Still unreachable

The connection could not be restored.

Session expired

The server has moved on; the page needs a fresh start.